 Dungeon Crawl Stone Soup version 0.26-b1-32-g5d43845318 (webtiles) character file.

Game seed: 15304793565130941637

4429 MajorAdolf the Cleaver (level 10, 0/84 HPs)
             Began as a Naga Delver on Jan 7, 2021.
             Was an Initiate of Gozag.
             Succumbed to a cane toad's poison
             ... on level 9 of the Dungeon.
             The game lasted 00:26:08 (10044 turns).

MajorAdolf the Cleaver (Naga Delver)               Turns: 10044, Time: 00:26:08

Health: 0/84       AC: 12    Str: 18    XL:     10   Next: 36%
Magic:  19/19      EV:  9    Int: 10    God:    Gozag
Gold:   1073       SH:  4    Dex: 13    Spells: 9/9 levels left

rFire    . . .     SeeInvis +   t - +0 broad axe
rCold    . . .     Faith    .   v - +0 buckler
rNeg     + . .     Spirit   .   x - +1 leather armour {rN+}
rPois    +         Reflect  .   (no helmet)
rElec    .         Harm     .   r - +1 cloak
rCorr    .         Rampage  .   o - +2 pair of gloves
Will     +....                  (no barding)
Stlth    +++.......             (no amulet)
HPRegen  0.64/turn              y - ring of magical power
MPRegen  0.16/turn              (no ring)

@: lethally poisoned (0 -> -6), very slow
A: large, iridescent scales 1, see invisible, deformed body, poison resistance,
regeneration 1, slowness 2, spit poison 1, AC +3
a: Spit Poison, Renounce Religion, Potion Petition, Call Merchant, Bribe Branch


You were on level 9 of the Dungeon.
You worshipped Gozag.
Gozag was most pleased with you.
You visited 3 branches of the dungeon, and saw 13 of its levels.

You collected 1364 gold pieces.
You spent 18 gold pieces at shops.
You paid 273 gold pieces to Gozag.

Inventory:

Hand Weapons
 t - a +0 broad axe (weapon)
Missiles
 i - 5 poisoned darts (quivered)
 C - a throwing net
Armour
 o - a +2 pair of gloves (worn)
 r - a +1 cloak (worn)
 v - a +0 buckler (worn)
 x - a +1 leather armour of positive energy (worn)
Jewellery
 n - an uncursed ring of fire
 y - a ring of magical power (left hand)
Wands
 g - a wand of digging (9)
 k - a wand of flame (22)
 m - a wand of random effects (15)
Scrolls
 a - 5 scrolls of identify
 b - a scroll of enchant weapon {unknown}
 c - a scroll of fog
 d - 2 scrolls of vulnerability {unknown}
 e - a scroll of fear
 j - a scroll of enchant armour
 s - 2 scrolls of amnesia
 u - 4 scrolls of remove curse
 z - a scroll of silence {unknown}
 A - a scroll of acquirement {unknown}
Potions
 f - a potion of haste
 l - 4 potions of mutation
 p - 3 potions of magic
 q - 3 potions of flight
 w - a potion of brilliance
 B - a potion of might


   Skills:
 - Level 3.0 Fighting
 + Level 13.9 Axes
 - Level 1.5 Dodging
 - Level 7.2 Stealth
 - Level 2.4 Shields


You had 9 spell levels left.
You didn't know any spells.
Your spell library contained the following spells:

 Spells                   Type           Power        Failure   Level
 Beastly Appendage        Tmut           0%           41%         1
 Sandblast                Erth           0%           41%         1
 Passwall                 Tmut/Erth      0%           56%         2
 Wereblood                Tmut           0%           56%         2
 Spider Form              Tmut/Pois      0%           80%         3
 Stone Arrow              Conj/Erth      0%           80%         3
 Ice Form                 Ice/Tmut       0%           99%         4
 Petrify                  Tmut/Erth      0%           99%         4
 Blade Hands              Tmut           0%           100%        5
 Lee's Rapid Deconstruct  Erth           0%           100%        5


Dungeon Overview and Level Annotations

Branches:
Dungeon (11/15)            Temple (1/1) D:4            Lair (1/6) D:9
    Orc: D:9-12

Altars:
Ashenzari
Cheibriados
Elyvilon
Fedhas
Gozag
Hepliaklqana
Kikubaaqudgha
Makhleb
Nemelex Xobeh
Okawaru
Qazlal
Ru
Sif Muna
Trog
Uskayaw
Vehumet
Wu Jian
Xom
Yredelemnul
Zin
The Shining One

Shops:
D:4 (=[*:

Annotations:
D:2 Sigmund
D:4 1 runed translucent door, Crazy Yiuf
D:5 exclusion: ogre
D:6 exclusions: orc warrior, phantom and sky beast
D:7 Menkaure
D:9 Harold
D:10 exclusions: cyclops and wight


Innate Abilities, Weirdness & Mutations

You cannot wear boots.
Your serpentine skin is tough. (AC +3)
You have supernaturally acute eyesight. (SInv)
Armour fits poorly on your strangely shaped body.
Your system is resistant to poisons. (rPois)
You cover ground very slowly.
You can spit poison.
You are partially covered in iridescent scales. (AC +2)
Your natural rate of healing is unusually fast.


Message History

As you read the scroll of teleportation, it crumbles to dust.
You feel strangely unstable.
You feel sick. The wolf bites you!
* * * LOW HITPOINT WARNING * * *
The wolf closely misses you.
Unknown command.
You miss the wolf.
The wolf is almost dead.
* * * LOW HITPOINT WARNING * * *
You feel sick. The wolf bites you but does no damage.
You block the wolf's attack.
There is a lethal amount of poison in your body!
* * * LOW HITPOINT WARNING * * *
You feel sick. The wolf bites you but does no damage.
Your surroundings suddenly seem different.
* * * LOW HITPOINT WARNING * * *
You feel sick.
* * * LOW HITPOINT WARNING * * *
You feel very sick.
You die...
Your body crumbles into a pile of gold.

######.##.#.#.....# #.#
..........#....##.# #.#
................#.#### #.#
########......#......## #.#
.## #..........##..####.# ..#
####(...#..#..###......#
#.###.>.....##.....######..#
#...>..............## ####
...#.##....#####@...###
##......#### ###.....##
#...#### ##.......>## ###.#
##..........##### ####.#
#####...............## .....#
##..........@...####..#
###..###...............# ##.#
#..[..)................####..#
...........)................##


You could see Harold (wandering).

Vanquished Creatures
  A hornet (D:9)
  7 yaks (D:9)
  2 ice beasts
  5 orc warriors
  3 phantoms
  A sky beast (D:10)
  An ogre (D:5)
  3 wolves (D:9)
  5 centaurs
  2 bullfrogs
  A wyvern zombie (D:9)
  A scorpion (D:9)
  5 howler monkeys
  A hound (D:8)
  5 jellies
  5 orc priests
  3 orc wizards
  A bullfrog skeleton (D:9)
  A centaur skeleton (D:7)
  Jessica (D:2)
  An iguana (D:8)
  7 worker ants
  3 gnolls (D:3)
  11 adders
  3 white imps
  3 ufetubi
  An adder skeleton (D:5)
  A worm (D:2)
  4 leopard geckos
  15 orcs
  A ball python (D:4)
  4 bats
  4 bat zombies (D:5)
  2 giant cockroaches
  5 hobgoblins
  6 jackals
  4 kobolds
  2 quokkas
  2 frilled lizards
  10 goblins
  2 quokka skeletons
  10 rats
  2 rat zombies (D:5)
157 creatures vanquished.

Vanquished Creatures (collateral kills)
  A bullfrog (D:7)
  An adder (D:7)
2 creatures vanquished.

Grand Total: 159 creatures vanquished

Notes
Turn   | Place    | Note
-------+----------+-------------------------------------------
     0 | D:5      | MajorAdolf the Naga Delver began the quest for the Orb.
     0 | D:5      | Reached XP level 1. HP: 21/21 MP: 1/1
    18 | D:5      | Noticed a howler monkey
    30 | D:5      | Noticed a worker ant
    46 | D:4      | You fall into a shaft and drop 2 floors!
   342 | D:6      | Found a white marble altar of Elyvilon.
   342 | D:6      | Found a glowing golden altar of the Shining One.
   342 | D:6      | Found a glowing silver altar of Zin.
   444 | D:4      | Noticed a howler monkey
   467 | D:4      | Noticed a phantom
   783 | D:4      | Reached XP level 2. HP: 26/28 MP: 2/2
   785 | D:4      | Found a staircase to the Ecumenical Temple.
   790 | Temple   | Entered the Ecumenical Temple
  1063 | D:4      | Reached skill level 3 in Axes
  1093 | D:4      | Found Wusmupei's Antique Weapon Shop.
  1115 | D:4      | Found a runed translucent door.
  1116 | D:4      | Noticed Crazy Yiuf
  1165 | D:4      | Found Ipsynov's Jewellery Emporium.
  1259 | D:4      | Reached XP level 3. HP: 29/34 MP: 3/3
  1523 | D:3      | Found a glowing golden altar of the Shining One.
  1665 | D:2      | Noticed Sigmund
  1925 | D:1      | Reached skill level 4 in Axes
  2142 | D:1      | Reached XP level 4. HP: 42/42 MP: 4/4
  2940 | D:2      | Reached skill level 1 in Shields
  2942 | D:2      | Noticed Jessica
  2946 | D:2      | Killed Jessica
  2947 | D:2      | Reached XP level 5. HP: 49/49 MP: 5/5
  3172 | D:3      | Found a broken altar of Ashenzari.
  3226 | D:3      | Reached skill level 5 in Axes
  4156 | D:4      | Found Suharue's Armour Shoppe.
  4173 | D:4      | Found Giwaco Cauly's Book Shoppe.
  4223 | D:4      | Found Annebec Teil's Assorted Antiques.
  4227 | D:4      | Bought a fizzy ruby potion for 18 gold pieces
  4259 | D:4      | Reached XP level 6. HP: 40/56 MP: 6/6
  4720 | D:5      | Found an opulent altar of Gozag.
  4741 | D:5      | Became a worshipper of Gozag Ym Sagoz the Greedy
  4935 | D:5      | Reached skill level 6 in Axes
  5382 | D:5      | Found an ancient bone altar of Kikubaaqudgha.
  5469 | D:5      | Gained mutation: You are partially covered in iridescent
                  | scales. (AC +2) [potion of mutation]
  5469 | D:5      | Gained mutation: Your natural rate of healing is unusually
                  | fast. [potion of mutation]
  5551 | D:6      | Reached XP level 7. HP: 59/62 MP: 7/7
  5785 | D:7      | Found a basalt altar of Yredelemnul.
  6146 | D:7      | Reached skill level 7 in Axes
  6690 | D:8      | Reached skill level 8 in Axes
  6739 | D:8      | Found a snail-covered altar of Cheibriados.
  6823 | D:7      | Reached XP level 8. HP: 50/69 MP: 8/8
  7078 | D:7      | Noticed Menkaure
  7117 | D:7      | Reached skill level 9 in Axes
  7618 | D:8      | Reached skill level 10 in Axes
  7740 | D:7      | HP: 3/69 [bullfrog (9)]
  7745 | D:7      | Reached XP level 9. HP: 10/75 MP: 9/9
  7865 | D:7      | Reached skill level 11 in Axes
  8223 | D:8      | Noticed a two-headed ogre
  8457 | D:9      | Noticed a hornet
  8462 | D:9      | Killed a hornet
  8582 | D:9      | Noticed Harold
  8618 | D:9      | Found a staircase to the Lair.
  8667 | D:9      | Reached skill level 12 in Axes
  8906 | D:9      | HP: 2/75 [yak (10)]
  8955 | D:9      | Reached skill level 13 in Axes
  8955 | D:9      | Reached XP level 10. HP: 37/84 MP: 10/10
  9238 | D:10     | Entered Level 10 of the Dungeon
  9517 | D:10     | Noticed a cyclops
  9533 | D:11     | Noticed a boulder beetle
  9594 | D:10     | Noticed a two-headed ogre
  9955 | Lair:1   | Entered Level 1 of the Lair of Beasts
  9971 | Lair:1   | Noticed a cane toad
 10042 | D:9      | HP: 3/84 [poisoned by a cane toad]
 10043 | D:9      | HP: 1/84 [poisoned by a cane toad]
 10044 | D:9      | Succumbed to a cane toad's poison

Illustrated notes

Levels and vault maps discovered:
D:1:      heliophobic_arrival_enchanted_forest, layout_basic, nrook_mini_vaults
D:2:      layout_loops_ring, uniq_jessica, uniq_sigmund
D:3:      layout_basic, general_overflow_altar, tso_metal_star
D:4:      layout_basic, temple_doors_e, serial_shops, shop,
          kennysheep_mini_moat, shop, shop_statue, shop, minmay_misc_feat_rows,
          uniq_crazy_yiuf_cottage
D:5:      layout_loops_cross, lemuel_zombie_altar_kikubaaqudgha,
          nicolae_gozag_cash_rules_everything_around_me,
          hangedman_abyss_or_decor_stagger
D:6:      layout_basic, good_gods_mini_temple
D:7:      layout_gridville, lemuel_crystal_altar, uniq_menkaure
D:8:      layout_rooms, overflow_temple_1_default, lemuel_coloured_pillars_altar
D:9:      layout_rooms, lair_entry_dummy, uniq_harold
D:10:     layout_gridville, gammafunk_ghost_grave, dk_noncrumbling_4
D:11:     gammafunk_jiyva_shrine, layout_layer_cave,
          minmay_orc_entry_temple_small, serial_glass, glass_columns_a,
          glass_columns_a, glass_columns_a, glass_columns_c, feat_on_display,
          feat_on_display, feat_on_display, hex_tiny, kennysheep_small_circle
Temple:   cyrus_circular_temple
Lair:1:   wander_river, layout_chaotic_city, kennysheep_snail_temple

Skill      XL: |  1  2  3  4  5  6  7  8  9 |
---------------+----------------------------+-----
Axes           | 3 4 5 6 8 10 13 | 13.9
Shields        | 1 2 |  2.4
Fighting       | |  3.0
Dodging        | |  1.5
Stealth        | |  7.2

Action                   |  1- 3 |  4- 6 |  7- 9 | 10-12 || total
-------------------------+-------+-------+-------+-------++-------
Melee: Hand axe          |    44 |   203 |    57 |       ||   304
       War axe           |       |       |    77 |       ||    77
       Broad axe         |       |       |   168 |   111 ||   279
Invok: Potion Petition   |       |       |     1 |       ||     1
 Abil: Spit Poison       |     6 |    12 |     9 |     1 ||    28
Evoke: Wand              |       |       |     7 |       ||     7
  Use: Scroll            |     1 |    10 |     8 |     2 ||    21
       Potion            |       |     2 |     1 |       ||     3
 Stab: Sleeping          |     3 |    12 |     8 |     3 ||    26
       Distracted        |       |     1 |     3 |       ||     4
       Fleeing           |       |       |     1 |       ||     1
Armor: Robe              |     9 |    67 |    73 |       ||   149
       Skin              |       |     3 |       |       ||     3
       Leather armour    |       |       |    37 |    77 ||   114
Dodge: Dodged            |    32 |    74 |   146 |    66 ||   318
Block: Buckler           |       |    25 |    67 |    39 ||   131
